 Dungeon Crawl Stone Soup version 0.32-a0-450-g080537f31e (webtiles) character file.

Game seed: 9431053518305198915

63 Dittersdorf the Shield-Bearer (level 4, -1/29 HPs)
             Began as a Gargoyle Fighter on Feb 23, 2024.
             Incinerated by a bombardier beetle (4 damage)
             ... with a burning spray
             ... on level 2 of the Dungeon.
             The game lasted 00:03:05 (1189 turns).

Dittersdorf the Shield-Bearer (Gargoyle Fighter)    Turns: 1189, Time: 00:03:06

Health: -1/29      AC: 16    Str: 22    XL:     4   Next: 9%
Magic:  4/4        EV:  8    Int:  8    God:
Gold:   88         SH:  4    Dex:  9    Spells: 3/3 levels left

rFire   . . .        a - +0 flail
rCold   . . .        c - +0 buckler
rNeg    + . .        f - +1 chain mail {rPois}
rPois   ∞            l - +0 helmet
rElec   +            (no cloak)
rCorr   .            m - +0 pair of gloves
SInv    .            (no boots)
Will    .....        (no amulet) Stlth
                     (no ring)
HPRegen 0.24/turn    (no ring)
MPRegen 0.09/turn

%: no passive effects
@: on fire, glowing
A: sickness immunity, AC +3, negative energy resistance 1, electricity
resistance, torment resistance 1, petrification resistance
a: no special abilities


You were on level 2 of the Dungeon.
You visited 1 branch of the dungeon, and saw 2 of its levels.

You collected 88 gold pieces.

Inventory:

Hand Weapons
 a - a +0 flail (weapon)
Armour
 c - a +0 buckler (worn)
 f - a +1 chain mail of poison resistance (worn)
 l - a +0 helmet (worn)
 m - a +0 pair of gloves (worn)
Wands
 o - a wand of iceblast (10)
 p - a wand of mindburst (13)
Scrolls
 b - 2 scrolls of identify {unknown}
 g - a scroll of fog {unknown}
 h - a scroll of vulnerability {unknown}
 i - a scroll of poison {unknown}
 j - a scroll of butterflies {unknown}
 k - a scroll of teleportation {unknown}
 q - a scroll of blinking {unknown}
Potions
 d - 2 potions of might
 e - a potion of attraction {unknown}
 n - a potion of berserk rage {unknown}


   Skills:
 + Level 3.8 Fighting
 + Level 2.7 Maces & Flails
 + Level 3.9 Armour
 + Level 3.9 Shields


You had 3 spell levels left.
You didn't know any spells.
Your spell library contained the following spells:

 Spells                   Type           Power      Damage    Failure   Level
 Magic Dart               Conj           0%         1d3       98%         1
 Slow                     Hex            0%         N/A       98%         1
 Blink                    Tloc           0%         N/A       99%         2
 Call Imp                 Summ           0%         N/A       99%         2
 Confusing Touch          Hex            0%         N/A       100%        3
 Sigil of Binding         Hex            0%         N/A       100%        3
 Vampiric Draining        Necr           0%         2d6       100%        3


Dungeon Overview and Level Annotations

Branches:
Dungeon (2/15)

Altars:

Shops:
D:2 ?


Innate Abilities, Weirdness & Mutations

You are immune to sickness and miasma.
Your stone body is resilient. (AC +3)
You are immune to poison.
You resist negative energy. (rN+)
You are resistant to electric shocks. (rElec)
You are resistant to unholy torment.
You are immune to petrification.


Message History

The bombardier beetle sprays incendiary fluid at you.
The burning spray hits you.
You are even more covered in liquid fire!
The dart slug briefly extends its eye-stalks.
You sock the bombardier beetle!
The bombardier beetle is heavily wounded.
The liquid fire burns you!
The bombardier beetle bites you but does no damage.
You hit the bombardier beetle.
The bombardier beetle is severely wounded.
The liquid fire burns you!
The bombardier beetle bites you but does no damage.
You are too injured to fight recklessly!
You are too injured to fight recklessly!
You are too injured to fight recklessly!
You are too injured to fight recklessly!
You are too injured to fight recklessly!
You are too injured to fight recklessly!
You are too injured to fight recklessly!
You are too injured to fight recklessly!
You are too injured to fight recklessly!
You are too injured to fight recklessly!
You are too injured to fight recklessly!
You are too injured to fight recklessly!
You are too injured to fight recklessly!
You are too injured to fight recklessly!
You are too injured to fight recklessly!
You are too injured to fight recklessly!
You are too injured to fight recklessly!
You are too injured to fight recklessly!
You shake off some of the fire as you move.
The liquid fire burns you!
* * * LOW HITPOINT WARNING * * *
You shake off some of the fire as you move.
The liquid fire burns you!
* * * LOW HITPOINT WARNING * * *
The kobold throws a stone.
The stone hits you but does no damage.
You shake off some of the fire as you move.
The liquid fire burns you!
You die...

#####...####.#
#.#
....))#......#
#.#
.####...######
#.# ## ##.##
#.# #.# #.# #.#
#.# #.# #.# #.#
#.# #.# #@# #.#
#.####...
#BKw....#
..............#
#.#########.###
.. .. .


You could see a bombardier beetle and a kobold.

Vanquished Creatures
  An adder (D:2)
  A ribbon worm (D:2)
  A bat (D:2)
  7 endoplasms
  6 giant cockroaches
  5 goblins
  4 hobgoblins (D:1)
  3 jackals (D:1)
  A quokka (D:1)
  6 ball pythons
  A frilled lizard (D:1)
  3 kobolds
  8 rats
47 creatures vanquished.

Notes
Turn   | Place    | Note
-------+----------+-------------------------------------------
     0 | D:1      | Dittersdorf the Gargoyle Fighter began the quest for the
                  | Orb.
     0 | D:1      | Reached XP level 1. HP: 14/14 MP: 1/1
    46 | D:1      | Reached XP level 2. HP: 8/19 MP: 2/2
   235 | D:1      | Reached XP level 3. HP: 11/23 MP: 3/3
   301 | D:1      | Found a faded altar of an unknown god.
   946 | D:2      | Found Ybloit's Magic Scroll Boutique.
  1028 | D:2      | Reached XP level 4. HP: 29/29 MP: 4/4
  1189 | D:2      | Incinerated by a bombardier beetle

Illustrated notes

Levels and vault maps discovered:
D:1:      lightli_molten_gateway, layout_basic,
          hellmonk_ecumenical_altar_arch_garden, minmay_octomino_j4
D:2:      layout_loops_ring, serial_shops, shop, serial_rivers,
          chequers_serial_rivers_large_b, chequers_serial_rivers_marsh,
          chequers_serial_rivers_room_a, chequers_serial_rivers_micro_c,
          minmay_stone_trees_small, small_statue_intersection

Action                     |  1- 3 |  4- 6 || total
---------------------------+-------+-------++-------
  Melee: Flail             |   127 |    10 ||   137
 Armour: Scale mail        |    54 |       ||    54
         Chain mail        |    57 |    10 ||    67
  Dodge: Dodged            |    55 |       ||    55
  Block: Buckler           |    40 |     2 ||    42

Table legend: (Time is in decaauts)
 A = Elapsed time spent in this place.
 B = Non-inter-level travel time spent in this place.
 C = Inter-level travel time spent in this place.
 D = Time resting spent in this place.
 E = Time spent auto-exploring this place.
 F = Levels seen in this place.
 G = Mean time per level.
                   A        B        C        D        E       F      G
               +--------+--------+--------+--------+--------+-----+--------+
         Total |   1231 |   1182 |     49 |     74 |    740 |   2 |  615.5 |
       Dungeon |   1231 |   1182 |     49 |     74 |    740 |   2 |  615.5 |
               +--------+--------+--------+--------+--------+-----+--------+

Top non-repeatable levels by time:
     D:1: 776 daAuts
     D:2: 455 daAuts
